Map: Washout LE

Players

Arrogfire - Winner!

  • Race: Protoss Protoss
  • League: Master
  • Spawn Location: 1:00

lorimbo

  • Race: Zerg Zerg
  • League: Grandmaster
  • Spawn Location: 7:00

VOD

Have the link to the VOD?

Description

Time

  • Played on: July 3, 2026, 2:40 p.m.
  • Length: 2:49
Show
View Real Time Build Order
Export as new Build Order

Arrogfire Protoss - Winner!

Build Orders:  

Get SALT Encoding   

  8  0:00  Probe (Chrono Boost)  
  9  0:12  Probe (Chrono Boost)  
  10  0:18  Probe (Chrono Boost)  
  11  0:26  Probe  
  12  0:33  Pylon  
  12  0:38  Probe  
  13  0:51  Probe  
  13  0:54  Gateway  
  14  1:03  Probe (Chrono Boost)  
  15  1:05  Assimilator  
  15  1:12  Probe (Chrono Boost)  
  15  1:17  Probe (Chrono Boost)  
  17  1:29  Probe  
  17  1:31  Forge  
  18  1:41  Cybernetics Core  
  18  1:47  Pylon  
  18  2:05  Photon Cannon  
  18  2:09  Photon Cannon  
  18  2:20  Shield Battery  
  18  2:25  Pylon  
Show
View Real Time Build Order
Export as new Build Order

lorimbo Zerg 

Build Orders: Pool Only 

Get SALT Encoding   

  8  0:23  Spawning Pool  
  7  0:30  Drone  
  8  0:38  Drone  
  9  0:50  Overlord  
  9  1:09  Zergling x6  
  12  1:21  Zergling x2  
  13  1:30  Zergling x2  
  14  1:48  Zergling x2  
Tags
 
Matchup
PvZ
Opening
Pool Only
Replay Pack
hsc29
Spawn Locations
Cross Positions
Add a new tag
Caveats
  • Supply blocks, unpowered buildings, or Contaminate may cause inaccurate times.
  • Supply counts are checked every 10 seconds.